 Dungeon Crawl Stone Soup version 0.26-a0-651-gb41185065b (webtiles) character file.

Game seed: 6803511361648729832

154 Lanoc the Sneak (level 5, 0/41 HPs)
             Began as a Merfolk Brigand on Oct 11, 2020.
             Was an Initiate of Dithmenos.
             Slain by an orc priest
             ... wielding a +4 short sword
              (7 damage)
             ... on level 3 of the Dungeon.
             The game lasted 00:04:11 (2755 turns).

Lanoc the Sneak (Merfolk Brigand)                   Turns: 2755, Time: 00:04:12

Health: 0/41       AC:  3    Str: 12    XL:     5   Next: 35%
Magic:  5/5        EV: 14    Int: 10    God:    Dithmenos [......]
Gold:   119        SH:  5    Dex: 16    Spells: 4/4 levels left

rFire    . . .     SeeInvis .   m - +0 spear
rCold    + . .     Faith    .   (no shield)
rNeg     . . .     Spirit   .   b - +0 robe
rPois    .         Reflect  +   (no helmet)
rElec    .         Harm     .   c - +0 cloak
rCorr    .         Rampage  .   (no gloves)
MR       .....                  (no boots)
Stlth    +++.......             k - amulet of reflection
HPRegen  0.13/turn              p - ring of protection from cold
MPRegen  0.09/turn              (no ring)

@: no status effects
A: change form in water, swift swim, stealthy swim
a: Renounce Religion


You were on level 3 of the Dungeon.
You worshipped Dithmenos.
Dithmenos was noncommittal.
You visited 1 branch of the dungeon, and saw 3 of its levels.

You collected 119 gold pieces.

Inventory:

Hand Weapons
 a - a +2 dagger
 m - a +0 spear (weapon)
Missiles
 d - 13 poisoned darts (quivered)
Armour
 b - a +0 robe (worn)
 c - a +0 cloak (worn)
Jewellery
 k - an amulet of reflection (around neck)
 p - a ring of protection from cold (left hand)
Scrolls
 f - a scroll of blinking {unknown}
 g - a scroll of fear {unknown}
 h - 2 scrolls of enchant armour {unknown}
 i - 3 scrolls of identify {unknown}
 n - 2 scrolls of remove curse {unknown}
Potions
 j - a potion of curing {unknown}
 l - a potion of lignification
 o - a potion of haste {unknown}


   Skills:
 + Level 3.6 Fighting
 - Level 2.4 Short Blades
 * Level 2.6 Polearms
 - Level 2.0 Throwing
 + Level 3.5 Dodging
 + Level 5.4 Stealth


You had 4 spell levels left.
You didn't know any spells.
Your spell library was empty.

Dungeon Overview and Level Annotations

Branches:
Dungeon (3/15)

Altars:
Dithmenos
Uskayaw


Message History

The orc priest is moderately wounded.
The orc priest hits you with a +4 short sword!
You are too injured to fight recklessly!
You are too injured to fight recklessly!
Throwing (i - inventory. (/) - cycle)
d - 14 poisoned darts (quivered)
Press: ? - help, Shift-Dir - straight line, f/p - orc priest
Aim: an orc priest, wielding a +4 short sword (moderately wounded)
You throw a poisoned dart. The poisoned dart hits the orc priest.
The orc priest is poisoned.
The orc priest is moderately wounded.
The orc priest calls down the wrath of Beogh upon you.
Beogh smites you!
* * * LOW HITPOINT WARNING * * *
Throwing (i - inventory. (/) - cycle)
e - a curare-tipped dart (quivered)
Press: ? - help, Shift-Dir - straight line, f/p - orc priest
Aim: an orc priest, wielding a +4 short sword (moderately wounded, poisoned)
You throw a curare-tipped dart.
The curare-tipped dart closely misses the orc priest.
The orc priest hits you with a +4 short sword!
You die...

#.. #..###..##.#
#. ....###.....#
# ......#...#..#
####......##....
##...#.# #####
#.#.#รท# #...#.#
#.#####.#(#######
(.(.(.o@.<..(....
....(.(.)........
#.####.......#.#.
#......## .!
#.....## #..#.##
#..##. #..# ..


You could see an orc priest (poisoned).

Vanquished Creatures
  An orc priest (D:3)
  A hound skeleton (D:3)
  5 adders
  2 worms (D:2)
  A leopard gecko (D:2)
  2 orcs
  A giant cockroach (D:1)
  4 goblins
  10 hobgoblins
  6 jackals
  2 ball pythons
  5 bats
  A frilled lizard (D:2)
  10 kobolds
  7 rats
58 creatures vanquished.

Notes
Turn   | Place    | Note
-------+----------+-------------------------------------------
     0 | D:1      | Lanoc the Merfolk Brigand began the quest for the Orb.
     0 | D:1      | Reached XP level 1. HP: 16/16 MP: 1/1
   407 | D:1      | Reached XP level 2. HP: 16/23 MP: 2/2
   837 | D:2      | Reached XP level 3. HP: 7/28 MP: 3/3
  1211 | D:2      | Reached skill level 5 in Stealth
  1565 | D:2      | Reached XP level 4. HP: 35/35 MP: 4/4
  1569 | D:2      | Found a hide-covered altar of Uskayaw.
  1569 | D:2      | Noticed a +0 hand axe
  1569 | D:2      | Noticed a +0 hand axe
  2253 | D:3      | Reached skill level 1 in Polearms
  2293 | D:3      | Reached XP level 5. HP: 17/41 MP: 5/5
  2446 | D:3      | Found a shadowy altar of Dithmenos.
  2456 | D:3      | Became a worshipper of Dithmenos the Shadowed
  2755 | D:3      | Slain by an orc priest

Illustrated notes

Levels and vault maps discovered:
D:1:      lightli_molten_gateway, layout_loops_cross, serial_forest,
          infiniplex_forest_end_2, infiniplex_forest_clump_cross,
          infiniplex_forest_clump_curved, infiniplex_forest_straight_3,
          infiniplex_forest_lined_room_, infiniplex_forest_clump_curved,
          infiniplex_forest_clump_long, infiniplex_forest_clump_cross,
          minmay_octomino_j4
D:2:      layout_loops_ring, dancing_weapons_uskayaw
D:3:      layout_loops_ring, nicolae_dithmenos_shadow_blocks,
          uniq_crazy_yiuf_cottage

Skill      XL: |  1  2  3  4 |
---------------+-------------+-----
Dodging        | 2 3 |  3.5
Fighting       | 3 |  3.6
Stealth        | 5 |  5.4
Polearms       | 2 |  2.6
Short Blades   | |  2.4
Throwing       | |  2.0

Action                   |  1- 3 |  4- 6 || total
-------------------------+-------+-------++-------
Melee: Dagger            |   103 |     9 ||   112
       Spear             |       |   121 ||   121
Throw: Dart              |    31 |    22 ||    53
  Use: Potion            |       |     1 ||     1
 Stab: Sleeping          |     2 |     4 ||     6
Armor: Robe              |    17 |    23 ||    40
       Skin              |       |    47 ||    47
Dodge: Dodged            |    78 |    81 ||   159
Block: Other             |       |     6 ||     6
       Reflection        |       |     1 ||     1

Table legend: (Time is in decaauts)
 A = Elapsed time spent in this place.
 B = Non-inter-level travel time spent in this place.
 C = Inter-level travel time spent in this place.
 D = Time resting spent in this place.
 E = Time spent auto-exploring this place.
 F = Levels seen in this place.
 G = Mean time per level.
                   A        B        C        D        E       F      G
               +--------+--------+--------+--------+--------+-----+--------+
         Total |   2738 |   2725 |     13 |    369 |   1834 |   3 |  912.7 |
       Dungeon |   2738 |   2725 |     13 |    369 |   1834 |   3 |  912.7 |
               +--------+--------+--------+--------+--------+-----+--------+

Top non-repeatable levels by time:
     D:2: 1585 daAuts
     D:1: 757 daAuts
     D:3: 395 daAuts
